 Dungeon Crawl Stone Soup version 0.29-a0-284-gf9362112df (webtiles) character file.

Game seed: 4947608882902534772

21524 zishaf the Zephyrmancer (level 12, -5/110 HPs)
             Began as a Pale Draconian Air Elementalist on Mar 31, 2022.
             Was a Priest of Sif Muna.
             Hit by a silver javelin thrown by a minotaur (29 damage)
             ... in a Gauntlet on Apr 1, 2022.
             The game lasted 01:16:17 (19882 turns).

zishaf the Zephyrmancer (DrAE)                     Turns: 19882, Time: 01:16:17

Health: -5/110     AC: 11    Str:  8    XL:     12   Next: 54%
Magic:  16/19      EV: 11    Int: 30    God:    Sif Muna [***...]
Gold:   782        SH:  5    Dex:  8    Spells: 7/21 levels left

rFire   . . .      SeeInvis .   s - staff of air
rCold   . . .      Faith    .   n - +0 buckler
rNeg    . . .      Spirit   .   (body armour unavailable)
rPois   +          Reflect  .   (helmet restricted)
rElec   +          Harm     .   p - +0 cloak
rCorr   +          Rampage  .   u - +0 pair of gloves
Will    .....      NoTele   +   E - +0 pair of boots
Stlth   ++........              (no amulet)
HPRegen 0.28/turn               T - ring "Aluas" {Wiz rCorr Str-2 Int+9 Dex-4}
MPRegen 0.16/turn               g - ring of poison resistance

@: no status effects
A: breathe steam, AC +8, unfitting armour, cold-blooded, steam resistance
a: Breathe Steam, Renounce Religion, Channel Magic, Forget Spell


You were in a Gauntlet.
You worshipped Sif Muna.
Sif Muna was most pleased with you.
You visited 2 branches of the dungeon, and saw 13 of its levels.
You also visited: Gauntlet.

You collected 782 gold pieces.

Inventory:

Hand Weapons
 k - the +1 rapier "Myskeses" {drain, rF+ Will- Str+4 Stlth+}
   (You found it on level 2 of the Dungeon)

   A truly terrible weapon, it drains the life of any living foe it strikes.
   Str:       It affects your strength (+4).
   rF:        It protects you from fire.
   Will:      It decreases your willpower.
   Stlth:     It makes you more stealthy.
 x - the +0 dagger "Qyang" {freeze, rPois rN+ Will++ Dex-4}
   (You found it on level 5 of the Dungeon)

   It freezes those it strikes, dealing additional cold damage.
   It can also slow down cold-blooded creatures.
   Dex:       It affects your dexterity (-4).
   rPois:     It protects you from poison.
   rN:        It protects you from negative energy.
   Will:      It greatly increases your willpower.
Missiles
 d - 20 poisoned darts (quivered)
 L - 2 throwing nets
Armour
 n - a +0 buckler (worn)
 p - a +0 cloak (worn)
 u - a +0 pair of gloves (worn)
 E - a +0 pair of boots (worn)
 H - an orb of light
Magical Staves
 s - a staff of air (weapon)
Jewellery
 g - a ring of poison resistance (right hand)
 B - the ring "Nopuunylokko" {rElec rN+}
   (You found it in a Gauntlet)

   [ring of positive energy]

   rElec:     It insulates you from electricity.
   rN:        It protects you from negative energy.
 T - the ring "Aluas" (left hand) {Wiz rCorr Str-2 Int+9 Dex-4}
   (You found it on level 11 of the Dungeon)

   [ring of wizardry]

   It improves your spell success rate.
   Str:       It affects your strength (-2).
   Int:       It affects your intelligence (+9).
   Dex:       It affects your dexterity (-4).
   rCorr:     It protects you from acid and corrosion.
 U - the ring of Midnight {Contam rPois Int+3 Dex+6}
   (You found it in a Gauntlet)

   [ring of dexterity]

   Int:       It affects your intelligence (+3).
   Dex:       It affects your dexterity (+6).
   rPois:     It protects you from poison.
   Contam:    It causes magical contamination when unequipped.
Wands
 r - a wand of iceblast (23)
 z - a wand of charming (11)
 A - a wand of paralysis (5)
 G - a wand of flame (22)
Scrolls
 c - 2 scrolls of amnesia
 f - 2 scrolls of torment
 j - a scroll of magic mapping
 m - 2 scrolls of vulnerability
 q - 4 scrolls of fear
 y - 3 scrolls of enchant armour
 C - a scroll of silence {unknown}
 D - a scroll of brand weapon {unknown}
 J - a scroll of holy word {unknown}
 P - a scroll of blinking {unknown}
Potions
 a - 2 potions of magic
 h - 3 potions of flight
 i - a potion of cancellation
 l - 3 potions of attraction
 o - 2 potions of curing
 t - 2 potions of mutation
 F - a potion of might
 I - 2 potions of resistance {unknown}
 M - a potion of ambrosia
 O - a potion of lignification {unknown}
 Q - a potion of brilliance {unknown}
 S - a potion of haste {unknown}
 V - a potion of heal wounds


   Skills:
 + Level 11.3 Fighting
 - Level 4.0 Staves
 - Level 2.0 Dodging
 - Level 2.0 Stealth
 - Level 6.0 Shields
 - Level 5.0 Spellcasting
 + Level 5.3 Conjurations
 - Level 4.0 Translocations
 + Level 11.9 Air Magic
 + Level 7.9 Invocations
 - Level 8.0 Evocations


You had 7 spell levels left.
You knew the following spells:

 Your Spells              Type           Power      Damage    Failure   Level
a - Shock                 Conj/Air       100%       1d9       1%          1
b - Swiftness             Air            87%        N/A       1%          3
c - Airstrike             Air            43%        N/A       1%          4
d - Blink                 Tloc           62%        N/A       1%          2
e - Static Discharge      Conj/Air       73%        N/A       1%          2
f - Poisonous Vapours     Pois/Air       100%       N/A       1%          2

Your spell library contained the following spells:

 Spells                   Type           Power      Damage    Failure   Level
 Corpse Rot               Necr/Air       100%       N/A       1%          2
 Lesser Beckoning         Tloc           31%        N/A       1%          3
 Animate Skeleton         Necr           14%        N/A       3%          1
 Beastly Appendage        Tmut           14%        N/A       3%          1
 Pain                     Necr           28%        1d5       3%          1
 Wereblood                Tmut           7%         N/A       4%          2
 Spider Form              Tmut/Pois      7%         N/A       9%          3
 Vampiric Draining        Necr           7%         2d6       9%          3
 Manifold Assault         Tloc           31%        N/A       16%         5
 Borgnjor's Revivificati  Necr           3%         N/A       100%        8
 Necromutation            Tmut/Necr      3%         N/A       100%        8
 Death's Door             Necr           3%         N/A       100%        9


Dungeon Overview and Level Annotations

Branches:
Dungeon (12/15)            Temple (1/1) D:7            Lair (0/6) D:11
    Orc (0/2) D:11        Gauntlet (1/1)

Altars:
Ashenzari
Cheibriados
Dithmenos
Elyvilon
Fedhas
Gozag
Hepliaklqana
Kikubaaqudgha
Makhleb
Nemelex Xobeh
Okawaru
Qazlal
Ru
Sif Muna
Trog
Uskayaw
Vehumet
Wu Jian
Xom
Yredelemnul
Zin
The Shining One

Shops:
D:4 *   D:5 (   D:8 (   D:10 (

Annotations:
D:10 1 runed translucent door, Cheivey's ghost, journeyman OpBe Gauntlet 8 transporters


Innate Abilities, Weirdness & Mutations

You can breathe blasts of scalding, opaque steam.
Your pale cyan-grey scales are hard. (AC +8)
You cannot fit into any form of body armour.
You are cold-blooded and may be slowed by cold attacks.
You are immune to the effects of steam.


Message History

You feel stable enough to blink again.
Okay, then.
As you read the scroll of summoning, it crumbles to dust.
Wisps of shadow whirl around you...
You swap places.
The minotaur hits your steam dragon with the +12 quick blade "Gyre" {protect}!!
Your steam dragon dies!
Your steam dragon's corpse dissolves into shadows!
Two slime creatures merge to form a large slime creature.
Two slime creatures merge to form a very large slime creature.
You swap places.
Your large abomination hits the minotaur but does no damage.
You swap places.
The minotaur hits your large abomination with the +12 quick blade "Gyre" {protect}!!
The minotaur hits your large abomination with the +12 quick blade "Gimble" {protect}!!
The minotaur gores your large abomination.
Your large abomination hits the minotaur!!
Two slime creatures merge to form an enormous slime creature.
What are your orders? t - Shout!
Orders for allies: a - Attack new target. p - Attack previous target. r - Retreat! s - Stop attacking. g - Guard the area. f - Follow me.
Anything else - Cancel.
Gang up on whom?
Press: ? - help, Dir - move target, f/p - minotaur
Aim: a minotaur, wielding the +12 pair of quick blades "Gyre" and "Gimble" {protect}, wearing a +0 plate armour, wearing the ring of Beynn {rF+ Str+3 Int+6 Slay+2 Stlth+} and quivering silver javelins (heavily wounded, very poisoned, ally target) Attack!
You have got your breath back.
The minotaur hits your large abomination with the +12 quick blade "Gyre" {protect}!!
Your large abomination is destroyed!
Your large abomination dissolves into shadows!
The minotaur hits your slime creature with the +12 quick blade "Gyre" {protect}!!!
The minotaur hits your slime creature with the +12 quick blade "Gimble" {protect}!!
Your slime creature dies!
Your slime creature dissolves into shadows!
The minotaur throws a silver javelin.
The silver javelin pierces through your enormous slime creature!!
The silver javelin pierces through you!!
You die...

# # #....##...#.....#3...
#≈≈.#.#.##.##.©.#.....#####
#≈∩.§§'.##......#..∩.......
#≈≈.#.#.##.##.©.#.....#####
# # #...y##...#.....#....
#J##.##.©.#.....#2###
#.##yy....#.♣P..#4...
#H##y##.♣.#..PP.####©
#y.J@##...##..♣.#.=(#
#######.♣.###...##[.#
#...##≈...#©#.#
#####≈≈.P.##### ##≈.♣......
##.P.##### ##≈...#....
#≈≈.P.##..# ##≈.♣.###..


You could see a minotaur (very poisoned, ally target), a friendly enormous slime
creature (summoned) and 5 friendly killer bees.

Vanquished Creatures
  Josephine (D:12)
  A boulder beetle (D:8)
  A death knight (D:8)
  A hell beast (Gauntlet)
  2 centaur warriors
  3 two-headed ogres
  3 death yaks (D:11)
  A tengu warrior (D:11)
  A skeletal warrior (D:11)
  4 cyclopes
  An ugly thing (D:8)
  A rust devil (Gauntlet)
  Joseph (D:9)
  An unseen horror (D:10)
  An efreet (D:10)
  A kobold demonologist (D:10)
  A komodo dragon (D:8)
  Psyche (D:9)
  2 trolls
  2 slime creatures (D:8)
  7 wraiths
  3 yaks (D:11)
  A wyvern (D:8)
  2 shadows (D:11)
  2 ynoxinuls (Gauntlet)
  A steam dragon (D:7)
  3 acid dragons
  A water moccasin (D:7)
  A hell hound (Gauntlet)
  2 orc warriors
  4 sky beasts
  A black bear (D:6)
  An ice beast (D:8)
  The ghost of sylnyx the Skirmisher, an amateur MiMo (D:3)
  An ogre (D:5)
  7 centaurs
  2 phantoms
  2 kobold brigands
  3 bullfrogs
  A scorpion (D:7)
  2 necrophages
  A troll zombie (D:11)
  A wight (D:8)
  25 killer bees
  3 howler monkeys
  3 hounds
  2 jellies
  8 orc priests
  4 iron imps (Gauntlet)
  5 iguanas
  10 orc wizards
  7 ogre zombies (D:11)
  9 adders
  13 gnolls
  2 white imps
  4 ufetubi
  A worm (D:3)
  3 dart slugs
  31 orcs
  6 ball pythons
  7 bats
  8 endoplasms
  13 goblins
  7 hobgoblins
  3 jackals (D:1)
  3 quokkas
  2 frilled lizards
  A goblin skeleton (D:11)
  A hobgoblin skeleton (D:11)
  6 hobgoblin zombies (D:11)
  11 kobolds
  3 orc skeletons (D:11)
  14 orc zombies (D:11)
  4 rats
299 creatures vanquished.

Vanquished Creatures (collateral kills)
  An ogre mage (D:11)
  A deep elf pyromancer (D:11)
  A centaur (D:11)
3 creatures vanquished.

Vanquished Creatures (others)
  A demonic plant (Gauntlet)
  A plant (D:5)
2 creatures vanquished.

Grand Total: 304 creatures vanquished

Notes
Turn   | Place    | Note
-------+----------+-------------------------------------------
     0 | D:1      | zishaf the Draconian Air Elementalist began the quest for
                  | the Orb.
     0 | D:1      | Reached XP level 1. HP: 14/14 MP: 3/3
   355 | D:1      | Reached XP level 2. HP: 11/20 MP: 1/5
   748 | D:1      | Reached XP level 3. HP: 21/27 MP: 6/6
   936 | D:1      | Learned a level 3 spell: Swiftness
  1368 | D:2      | Identified the +1 rapier "Myskeses" {drain, rF+ Will- Str+4
                  | Stlth+}
  1463 | D:2      | Reached skill level 1 in Fighting
  1753 | D:2      | Reached XP level 4. HP: 35/35 MP: 7/7
  2913 | D:3      | Reached skill level 1 in Shields
  3037 | D:3      | Found a large runed translucent door.
  3040 | D:3      | Found a large runed translucent door.
  3041 | D:3      | Noticed sylnyx's ghost (amateur MiMo)
  3166 | D:3      | Noticed a sky beast
  3194 | D:2      | Learned a level 4 spell: Airstrike
  3223 | D:3      | Reached XP level 5. HP: 33/41 MP: 9/9
  3266 | D:3      | Killed a sky beast
  3503 | D:3      | Found a faded altar of an unknown god.
  3646 | D:4      | Found Nily's Assorted Antiques.
  3785 | D:4      | Reached XP level 6. HP: 34/50 MP: 7/10
  4575 | D:5      | Entered Level 5 of the Dungeon
  4675 | D:5      | Noticed an acid dragon
  4873 | D:5      | Found Ezxac's Hydra Hut.
  5097 | D:5      | Noticed a four-headed hydra
  5148 | D:5      | Your scales start taking on a pale cyan-grey colour.
  5148 | D:5      | Reached skill level 5 in Air Magic
  5148 | D:5      | Reached XP level 7. HP: 57/57 MP: 5/11
  5148 | D:5      | Gained mutation: You are immune to the effects of steam.
                  | [Pale Draconian growth]
  5453 | D:5      | Reached skill level 5 in Shields
  5537 | D:5      | Identified the +0 dagger "Qyang" {freeze, rPois rN+ Will++
                  | Dex-4}
  5577 | D:5      | Found a sparkling altar of Nemelex Xobeh.
  5946 | D:6      | Reached XP level 8. HP: 62/67 MP: 3/13
  6103 | D:6      | Reached skill level 5 in Fighting
  6870 | D:7      | Reached skill level 1 in Evocations
  7544 | D:7      | Found a staircase to the Ecumenical Temple.
  7597 | D:7      | Reached XP level 9. HP: 69/75 MP: 13/15
  7619 | Temple   | Entered the Ecumenical Temple
  7907 | Temple   | Became a worshipper of Sif Muna the Loreminder
  8378 | D:7      | Learned a level 2 spell: Blink
  8385 | D:8      | Noticed a two-headed ogre
  8563 | D:8      | Noticed a cyclops
  8563 | D:8      | Noticed a death knight
  9010 | D:8      | Reached skill level 1 in Translocations
  9099 | D:8      | Learned a level 2 spell: Static Discharge
  9118 | D:8      | Found a blossoming altar of Fedhas.
  9697 | D:8      | Noticed a boulder beetle
  9738 | D:8      | Found Lewnar's Antique Weapon Shop.
 10042 | D:9      | Noticed Joseph
 10059 | D:9      | Paralysed by Joseph for 7 turns
 10072 | D:9      | Killed Joseph
 10073 | D:9      | Reached skill level 5 in Evocations
 10598 | D:9      | Noticed Harold
 10601 | D:9      | Noticed Harold
 10601 | D:9      | Harold changed into Harold the cyclops
 10750 | D:8      | Reached XP level 10. HP: 49/86 MP: 7/16
 10919 | D:8      | Noticed a rakshasa
 10996 | D:9      | Noticed Psyche
 11001 | D:9      | Killed Psyche
 11163 | D:9      | Found a hide-covered altar of Uskayaw.
 11163 | D:9      | Found a hazy altar of Hepliaklqana.
 11390 | D:9      | Reached * piety under Sif Muna
 11617 | D:9      | Killed Harold the cyclops
 11638 | D:10     | Entered Level 10 of the Dungeon
 11820 | D:10     | Reached skill level 1 in Invocations
 12135 | D:10     | Noticed a cyclops
 12475 | D:10     | Reached skill level 5 in Spellcasting
 12837 | D:10     | Found Qasihifo's Antique Weapon Shop.
 13228 | D:10     | Learned a level 2 spell: Poisonous Vapours
 13298 | D:10     | Found a sparkling altar of Nemelex Xobeh.
 13364 | D:10     | Found a runed translucent door.
 13364 | D:10     | Found a shimmering altar of Xom.
 13364 | D:10     | Noticed Cheivey's ghost (journeyman OpBe)
 13365 | D:10     | Noticed a +1 flail of chaos
 13408 | D:10     | Killed a cyclops
 13548 | D:10     | Noticed a cyclops
 13561 | D:10     | Killed a cyclops
 14467 | D:8      | Reached XP level 11. HP: 89/97 MP: 18/18
 14515 | D:8      | Reached skill level 10 in Air Magic
 14549 | D:8      | Reached skill level 1 in Staves
 14711 | D:8      | Killed a two-headed ogre
 14847 | D:8      | Killed a death knight
 15012 | D:8      | Killed a boulder beetle
 15163 | D:8      | Noticed a red ugly thing
 15163 | D:8      | Noticed a centaur warrior
 15165 | D:8      | Noticed a two-headed ogre
 15509 | D:8      | Killed a red ugly thing
 15510 | D:8      | Reached skill level 5 in Invocations
 15727 | D:8      | Killed a centaur warrior
 16147 | D:3      | Killed sylnyx's ghost
 16273 | D:11     | Noticed a death yak
 16307 | D:11     | Killed a death yak
 16680 | D:11     | Noticed a tengu warrior
 16680 | D:11     | Noticed a deep elf pyromancer
 16686 | D:11     | Reached skill level 10 in Fighting
 16687 | D:11     | Killed a deep elf pyromancer
 16688 | D:11     | Noticed a centaur warrior
 16698 | D:11     | Noticed an ogre mage
 16708 | D:11     | Killed an ogre mage
 17147 | D:11     | Found a staircase to the Orcish Mines.
 17151 | D:11     | Reached ** piety under Sif Muna
 17163 | D:11     | Noticed a death yak
 17163 | D:11     | Noticed a death yak
 17358 | D:11     | Killed a tengu warrior
 17471 | D:11     | Noticed a two-headed ogre
 17502 | D:11     | Killed a two-headed ogre
 17503 | D:11     | Reached XP level 12. HP: 107/107 MP: 13/19
 17575 | D:11     | Found a staircase to the Lair.
 17666 | D:11     | Killed a centaur warrior
 17947 | D:11     | Noticed a two-headed ogre
 17976 | D:11     | Killed a two-headed ogre
 18128 | D:11     | Killed a death yak
 18481 | D:11     | Killed a death yak
 18709 | D:11     | Identified the ring "Aluas" {Wiz rCorr Str-2 Int+9 Dex-4}
 18753 | D:11     | Reached *** piety under Sif Muna
 18766 | D:12     | Noticed Josephine
 18773 | D:12     | Killed Josephine
 18862 | D:11     | Reached skill level 5 in Conjurations
 18973 | D:12     | Found a gate leading to a gauntlet.
 18982 | Gauntlet | Entered a Gauntlet
 18982 | Gauntlet | Found a transporter.
 19130 | Gauntlet | Found a transporter.
 19131 | Gauntlet | Found a transporter.
 19148 | Gauntlet | Found a transporter.
 19153 | Gauntlet | Found a transporter.
 19157 | Gauntlet | Found a transporter.
 19173 | Gauntlet | Found a transporter.
 19182 | Gauntlet | Noticed a blizzard demon
 19189 | Gauntlet | Found a transporter.
 19197 | Gauntlet | Found a transporter.
 19211 | Gauntlet | Found a transporter.
 19220 | Gauntlet | Noticed a hell beast
 19226 | Gauntlet | Found a transporter.
 19226 | Gauntlet | Found a transporter.
 19266 | Gauntlet | Found a transporter.
 19280 | Gauntlet | Found a transporter.
 19453 | Gauntlet | Identified the ring "Nopuunylokko" {rElec rN+}
 19763 | Gauntlet | Killed a hell beast
 19769 | Gauntlet | Identified the ring of Midnight {Contam rPois Int+3 Dex+6}
 19868 | Gauntlet | Identified the ring of Beynn {rF+ Str+3 Int+6 Slay+2
                  | Stlth+}
 19868 | Gauntlet | Noticed a minotaur
 19882 | Gauntlet | Hit by a silver javelin thrown by a minotaur

Illustrated notes

Levels and vault maps discovered:
D:1:      tarquinn_simple_flora_water_e, layout_basic
D:2:      layout_loops_ring, st_stairs_9
D:3:      layout_basic, nicolae_ecumenical_pavilion,
          ebering_ghost_disaster_area, kennysheep_generic_room_5
D:4:      layout_loops_ring, serial_shops, nicolae_stop_n_shop_1
D:5:      wander_river, layout_rooms, mainiacjoe_overflow_cross_hatched,
          doesnt_shop_hydraphobe
D:6:      layout_basic, st_stairs_9, minmay_stone_trees_medium,
          grunt_decor_clamped
D:7:      kennysheep_six_static_rooms, layout_cave_pools,
          minmay_temple_entry_fiery
D:8:      layout_loops_ring, mainiacjoe_overflow_paths, serial_shops,
          kennysheep_mini_moat, minmay_the_grid_2x2
          [minmay_the_grid_minigrid_medium, minmay_the_grid_minigrid_large,
          minmay_the_grid_dragon_b, minmay_the_grid_prize_four_corners]
D:9:      layout_gridville, gammafunk_temple_overflow_elements, uniq_harold,
          uniq_psyche, uniq_joseph
D:10:     layout_stronghold, serial_shops, nicolae_stop_n_shop_2,
          ebering_ghost_xom, chequers_serial_rivers_small_3,
          minmay_ruined_shrine
D:11:     layout_irregular_city, dpeg_lair_monsters, zombieorc2_lemuel,
          minmay_diamond_spiral
D:12:     layout_roguey, gauntlet_entry_generic, uniq_josephine, uniq_lodul
Temple:   dpeg_five_rooms_temple
Gauntlet: minmay_gauntlet_77_tree [minmay_gauntlet_arena_77_fan,
          minmay_gauntlet_arena_77_two_paths, minmay_gauntlet_arena_77_p_blocks,
          minmay_gauntlet_arena_77_two_lines,
          minmay_gauntlet_arena_77_radiant_squares,
          minmay_gauntlet_arena_77_hold_the_fort,
          minmay_gauntlet_arena_77_squiggly, gauntlet_exit_watery]

Skill      XL: |  1  2  3  4  5  6  7  8  9 10 11 12 |
---------------+-------------------------------------+-----
Dodging        | 2 |  2.0
Stealth        | 2 |  2.0
Fighting       | 1 2 3 4 6 7 9 10 11 | 11.3
Conjurations   | 2 3 4 5 |  5.3
Shields        | 1 2 4 5 6 |  6.0
Spellcasting   | 3 4 5 |  5.0
Air Magic      | 4 5 7 8 9 11 | 11.9
Evocations     | 3 5 6 7 8 |  8.0
Translocations | 3 4 |  4.0
Invocations    | 4 6 7 |  7.9
Staves         | 4 |  4.0

Action                   |  1- 3 |  4- 6 |  7- 9 | 10-12 || total
-------------------------+-------+-------+-------+-------++-------
Melee: Unarmed           |     7 |       |       |       ||     7
       Dagger            |    10 |       |       |       ||    10
       Flail             |    85 |    18 |       |       ||   103
       Tailslap          |    10 |    31 |    33 |    38 ||   112
       Staff             |       |   201 |   158 |   173 ||   532
       Punch             |       |     1 |       |       ||     1
       Rapier            |       |       |       |     4 ||     4
Throw: Dart              |     3 |     2 |     3 |       ||     8
 Cast: Shock             |     7 |    52 |   104 |    29 ||   192
       Swiftness         |       |     3 |       |       ||     3
       Airstrike         |       |     2 |    17 |     7 ||    26
       Static Discharge  |       |       |    26 |    81 ||   107
       Blink             |       |       |     3 |     8 ||    11
       Poisonous Vapours |       |       |       |    58 ||    58
 Abil: Breathe Steam     |       |       |    16 |    46 ||    62
Evoke: Wand              |       |       |     6 |    22 ||    28
  Use: Potion            |       |     2 |       |     1 ||     3
       Scroll            |       |    12 |     4 |     5 ||    21
 Stab: Sleeping          |     3 |     5 |       |     1 ||     9
       Paralysed         |       |       |    12 |    25 ||    37
       Distracted        |       |       |       |     1 ||     1
Armor: Skin              |    54 |    78 |    83 |   116 ||   331
Dodge: Dodged            |    92 |   163 |   105 |   134 ||   494
Block: Buckler           |       |    21 |    70 |    92 ||   183

Table legend: (Time is in decaauts)
 A = Elapsed time spent in this place.
 B = Non-inter-level travel time spent in this place.
 C = Inter-level travel time spent in this place.
 D = Time resting spent in this place.
 E = Time spent auto-exploring this place.
 F = Levels seen in this place.
 G = Mean time per level.
                   A        B        C        D        E       F      G
               +--------+--------+--------+--------+--------+-----+--------+
         Total |  20101 |  19250 |    851 |   6725 |   7624 |  14 | 1435.8 |
       Dungeon |  18878 |  18146 |    732 |   6291 |   7260 |  12 | 1573.2 |
        Temple |    321 |    202 |    119 |      0 |    161 |   1 |  321.0 |
      Gauntlet |    900 |    900 |      0 |    434 |    203 |   1 |  900.0 |
               +--------+--------+--------+--------+--------+-----+--------+

Top non-repeatable levels by time:
     D:8: 3021 daAuts
    D:11: 2442 daAuts
    D:10: 2386 daAuts
     D:7: 1829 daAuts
     D:3: 1722 daAuts
     D:9: 1644 daAuts
     D:1: 1367 daAuts
     D:4: 1246 daAuts
     D:6: 1232 daAuts
     D:5: 1020 daAuts
Gauntlet: 900 daAuts
     D:2: 869 daAuts
  Temple: 321 daAuts
    D:12: 94 daAuts
